 Dungeon Crawl Stone Soup version 0.26.1-11-gd32895ea62 (webtiles) character file.

Game seed: 562901595845297050

346 Arcadio the Conjurer (level 6, -1/32 HPs)
             Began as a Tengu Hedge Wizard on Mar 25, 2021.
             Was an Initiate of Sif Muna.
             Killed by divine providence
             ... invoked by an orc priest
              (9 damage)
             ... on level 4 of the Dungeon on May 18, 2021.
             The game lasted 00:22:13 (5348 turns).

Arcadio the Conjurer (Tengu Hedge Wizard)           Turns: 5348, Time: 00:22:13

Health: -1/32      AC:  5    Str: 10    XL:     6   Next: 59%
Magic:  9/11       EV: 14    Int: 17    God:    Sif Muna [......]
Gold:   256        SH:  0    Dex: 13    Spells: 4/11 levels left

rFire    x . .     SeeInvis .   z - +0 flail (protect)
rCold    + . .     Faith    .   (no shield)
rNeg     . . .     Spirit   .   b - +0 robe
rPois    .         Reflect  .   t - +2 hat
rElec    .         Harm     .   s - +0 cloak
rCorr    .         Rampage  .   (no gloves)
Will     .....                  (boots unavailable)
Stlth    ++........             (no amulet)
HPRegen  0.10/turn              o - ring of ice
MPRegen  0.12/turn              (no ring)

@: hasted, very quick
A: beak, talons 3, able to fly
a: Fly, Renounce Religion


You were on level 4 of the Dungeon.
You worshipped Sif Muna.
Sif Muna was noncommittal.
You visited 1 branch of the dungeon, and saw 4 of its levels.

You collected 256 gold pieces.

Inventory:

Hand Weapons
 a - a +0 dagger
 y - a +0 whip
 z - a +0 flail of protection (weapon)
Armour
 b - a +0 robe (worn)
 c - a +1 hat
 s - a +0 cloak (worn)
 t - a +2 hat (worn)
Jewellery
 o - a ring of ice (left hand)
Scrolls
 d - 3 scrolls of enchant armour
 e - a scroll of magic mapping {unknown}
 g - a scroll of random uselessness {unknown}
 h - a scroll of remove curse
 j - a scroll of blinking {unknown}
 k - 2 scrolls of enchant weapon {unknown}
 m - a scroll of teleportation
 r - a scroll of immolation {unknown}
 u - a scroll of fog {unknown}
 v - 2 scrolls of noise {unknown}
 w - a scroll of amnesia {unknown}
 x - a scroll of identify
Potions
 f - 2 potions of curing
 i - a potion of cancellation
 l - a potion of berserk rage
 n - 2 potions of invisibility
 p - a potion of haste
 q - a potion of resistance


   Skills:
 + Level 4.8 Dodging
 - Level 2.0 Stealth
 - Level 3.0 Spellcasting
 + Level 5.1 Conjurations
 + Level 4.1 Summonings
 - Level 0.7 Translocations


You had 4 spell levels left.
You knew the following spells:

 Your Spells              Type           Power        Failure   Level
a - Magic Dart            Conj           80%          1%          1
b - Call Imp              Summ           16%          4%          2
c - Blink                 Tloc           N/A          21%         2
d - Slow                  Hex            2%           26%         2

Your spell library contained the following spells:

 Spells                   Type           Power        Failure   Level
 Conjure Flame            Conj/Fire      11%          19%         3
 Mephitic Cloud           Conj/Pois/Air  8%           26%         3


Dungeon Overview and Level Annotations

Branches:
Dungeon (4/15)
 Temple: D:4-7

Altars:
Ru
Sif Muna
Trog
Xom


Innate Abilities, Weirdness & Mutations

You have a beak for a mouth.
You have claws for feet.
You can fly continuously.


Message History

Your weapon exudes an aura of protection.
You claw the orc priest.
The orc priest is lightly wounded.
The orc priest closely misses you. The orc hits you but does no damage.
Your crimson imp barely misses the orc.
The dart slug launches a dart at you. The slug dart hits your crimson imp.
The orc priest hits you with a +0 club.
You barely miss the orc priest. You claw the orc priest.
Your peck misses the orc priest.
The orc priest is moderately wounded.
The orc hits you but does no damage.
Your crimson imp hits the dart slug.
The dart slug barely misses your crimson imp.
The orc priest calls down the wrath of Beogh upon you.
Beogh smites you!
* * * LOW HITPOINT WARNING * * *
Your crimson imp hits the dart slug.
The orc closely misses you.
You feel yourself speed up.
The orc priest calls down the wrath of Beogh upon you.
Beogh smites you!
You die...

### ..# ## #.# #. #.# ##.
#.# ### ### ##..## #.#
##.## #.## ##....###.##
#....####....
#......##o.####.# #....# #.
#.)..$o@.##..# ##..## #.
#.)..5##....# ##.#####
....#..w####...#####.......
........## #...............
.........# #..##.....###...
.......... #..####....#
#### .......##. ....#
#....# . ..###.. #.....#
##...# #. ##....# ##..# ..


You could see an orc priest, a dart slug, an orc and a friendly crimson imp
(summoned).

Vanquished Creatures
  An orc priest (D:4)
  A gnoll shaman (D:3)
  An orc wizard (D:3)
  Natasha (D:3)
  A worker ant (D:4)
  A hound skeleton (D:4)
  4 gnolls
  2 adders (D:2)
  A dart slug (D:3)
  2 leopard geckos (D:3)
  4 orcs
  3 goblins (D:1)
  7 hobgoblins
  2 jackals (D:4)
  6 kobolds
  3 bats
  3 frilled lizards
  4 rats
47 creatures vanquished.

Vanquished Creatures (collateral kills)
  2 orc priests (D:4)
  An orc wizard (D:4)
  Natasha (twice) (D:3)
  An adder skeleton (D:4)
  An orc (D:4)
  A hobgoblin (D:2)
  A jackal (D:4)
  A ball python (D:3)
10 creatures vanquished.

Grand Total: 57 creatures vanquished

Notes
Turn   | Place    | Note
-------+----------+-------------------------------------------
     0 | D:1      | Arcadio the Tengu Hedge Wizard began the quest for the Orb.
     0 | D:1      | Reached XP level 1. HP: 10/10 MP: 5/5
   248 | D:1      | Reached skill level 2 in Conjurations
   303 | D:1      | Reached XP level 2. HP: 15/15 MP: 1/7
  1241 | D:2      | Learned a level 2 spell: Call Imp
  1550 | D:2      | Reached XP level 3. HP: 18/19 MP: 1/8
  1553 | D:2      | Learned a level 2 spell: Blink
  1695 | D:2      | Upgraded the game from 0.26.1-2-gb8aa6d0cf2 to
                  | 0.26.1-11-gd32895ea62
  1758 | D:2      | Reached skill level 3 in Conjurations
  2183 | D:3      | Learned a level 2 spell: Slow
  2532 | D:3      | Noticed Natasha
  2547 | D:3      | Killed Natasha
  2548 | D:3      | Reached XP level 4. HP: 24/24 MP: 4/9
  2605 | D:3      | Noticed Natasha
  2611 | D:3      | Killed Natasha
  2724 | D:3      | Noticed Natasha
  2753 | D:3      | Killed Natasha
  2754 | D:3      | Gained mutation: You can fly continuously. [Tengu growth]
  2754 | D:3      | Reached XP level 5. HP: 9/28 MP: 3/10
  3167 | D:3      | Found a sacrificial altar of Ru.
  3313 | D:3      | Found a shimmering blue altar of Sif Muna.
  3453 | D:3      | Became a worshipper of Sif Muna the Loreminder
  3580 | D:4      | Reached skill level 4 in Conjurations
  4320 | D:4      | Reached XP level 6. HP: 21/32 MP: 8/11
  4772 | D:4      | Found a shimmering altar of Xom.
  4775 | D:4      | Noticed a phantom
  4930 | D:4      | Found a bloodstained altar of Trog.
  5092 | D:4      | Reached skill level 5 in Conjurations
  5348 | D:4      | Killed from afar by an orc priest

Illustrated notes

Levels and vault maps discovered:
D:1:      wander_arrival_lonely_grave, layout_basic, st_stairs_12
D:2:      layout_rooms
D:3:      layout_rooms, nicolae_ru_the_path_less_chosen, led_sif_pool,
          uniq_natasha
D:4:      layout_layer_cave, kennysheep_mini, bloody_trog

Skill      XL: |  1  2  3  4  5  6 |
---------------+-------------------+-----
Conjurations   | 2 3 4 5 |  5.1
Dodging        | 3 4 |  4.8
Summonings     | 2 3 4 |  4.1
Stealth        | |  2.0
Spellcasting   | |  3.0
Translocations | |  0.7

Action                   |  1- 3 |  4- 6 || total
-------------------------+-------+-------++-------
Melee: Dagger            |    20 |    30 ||    50
       Peck              |     4 |    10 ||    14
       Kick              |     2 |    20 ||    22
       Whip              |       |     8 ||     8
       Flail             |       |    34 ||    34
 Cast: Magic Dart        |    57 |    57 ||   114
       Call Imp          |     4 |    12 ||    16
  Use: Scroll            |     3 |     6 ||     9
       Potion            |       |     1 ||     1
 Stab: Sleeping          |     2 |       ||     2
       Distracted        |     1 |       ||     1
Armor: Robe              |     7 |    25 ||    32
Dodge: Dodged            |    12 |    57 ||    69
